[ PARTIDA AOE2 · #495774889 ]
UnrankedMongoles vs Cumans
Equipo del jugador · VICT
Equipo rival · DERR
[ ANÁLISIS DE REPETICIÓN · EXTRAÍDO DE LA PARTIDA GRABADA ]
Feudal
7:09
Castillos
18:50
Imperial
43:53
| APM promedio | 33.3 |
| APM pico | 81 |
| eAPM promedio | 19.6 |
| Aldeanos / militares | 245 / 338 |
Foco
⚔️ 40.5% · 🌾 59.5%
Mangudai ×304 · Trebuchet (Packed) ×21 · Militia ×5 · Monk ×4 · Spearman ×4
Feudal
8:19
Castillos
22:21
Imperial
40:13
| APM promedio | 44.8 |
| APM pico | 101 |
| eAPM promedio | 20.3 |
| Aldeanos / militares | 195 / 439 |
Foco
⚔️ 30.4% · 🌾 69.6%
Steppe Lancer ×402 · Scout Cavalry ×21 · Battering Ram ×9 · Trebuchet (Packed) ×4 · Camel Scout ×3
Mapa de la partida
Recursos iniciales + cada clic de construcción. Líneas = muros · curvas = relieve. ◆ oro · ⬟ piedra · ● bayas · ✦ reliquia · ◌ hueco del cierre
Tu base· Abierta — hueco de 15t
Base de AfferinSize· Abierta — hueco de 1t
Terreno inicial suavizado · ◌ = hueco del cierre detectado · pasá el cursor para detalles
Inputs por minuto
— Cristoram - - AfferinSize
Build order — Cristoram
Primeras 150 de 538 acciones detectadas
| 0:04 | Construir | Town Center |
| 1:09 | Crear | Villager (Male) ×4 |
| 1:09 | Crear | Villager (Male) ×4 |
| 1:09 | Crear | Villager (Male) ×4 |
| 2:08 | Crear | Villager (Male) |
| 2:09 | Crear | Villager (Male) |
| 2:09 | Crear | Villager (Male) |
| 2:44 | Construir | Mill |
| 2:46 | Crear | Villager (Male) |
| 2:46 | Crear | Villager (Male) |
| 2:46 | Crear | Villager (Male) |
| 2:58 | Crear | Villager (Male) |
| 2:59 | Crear | Villager (Male) |
| 3:13 | Crear | Villager (Male) |
| 3:13 | Crear | Villager (Male) |
| 3:35 | Crear | Villager (Male) |
| 3:35 | Crear | Villager (Male) |
| 3:36 | Crear | Villager (Male) |
| 3:51 | Construir | Lumber Camp |
| 3:57 | Crear | Villager (Male) |
| 3:57 | Crear | Villager (Male) |
| 4:22 | Crear | Villager (Male) |
| 4:59 | Investigar | Feudal Age |
| 4:59 | Investigar | Feudal Age |
| 6:27 | Construir | Barracks |
| 6:34 | Crear | Villager (Male) |
| 7:03 | Crear | Militia |
| 7:04 | Crear | Militia |
| 7:04 | Crear | Militia |
| 7:08 | Construir | House |
| 7:09 | Edad | Edad Feudal |
| 7:24 | Investigar | Double-Bit Axe |
| 7:25 | Crear | Villager (Male) |
| 7:38 | Crear | Militia |
| 7:52 | Crear | Villager (Male) |
| 8:08 | Construir | Mining Camp |
| 8:23 | Crear | Villager (Male) |
| 8:29 | Investigar | Arson |
| 8:32 | Investigar | Man-at-Arms (upgrade) |
| 8:41 | Crear | Villager (Male) |
| 8:46 | Construir | House |
| 8:51 | Crear | Villager (Male) |
| 9:16 | Construir | Mill |
| 9:32 | Crear | Militia |
| 10:00 | Investigar | Loom |
| 10:01 | Investigar | Loom |
| 10:12 | Crear | Villager (Male) |
| 10:27 | Crear | Villager (Male) |
| 10:29 | Construir | House |
| 10:41 | Crear | Spearman |
| 11:12 | Crear | Villager (Male) |
| 11:13 | Crear | Villager (Male) |
| 11:29 | Crear | Spearman |
| 11:33 | Crear | Villager (Male) |
| 11:45 | Investigar | Horse Collar |
| 11:56 | Construir | Mill |
| 11:59 | Crear | Villager (Male) |
| 12:21 | Crear | Villager (Male) |
| 12:23 | Construir | House |
| 12:30 | Crear | Villager (Male) |
| 12:36 | Construir | House |
| 12:53 | Crear | Spearman |
| 12:55 | Crear | Villager (Male) |
| 13:23 | Crear | Villager (Male) |
| 13:54 | Construir | Farm |
| 13:55 | Construir | Farm |
| 14:01 | Construir | Market |
| 14:06 | Construir | House |
| 14:08 | Crear | Villager (Male) |
| 14:18 | Construir | Blacksmith |
| 14:35 | Crear | Villager (Male) |
| 14:57 | Crear | Villager (Male) |
| 15:10 | Crear | Villager (Male) |
| 16:10 | Investigar | Castle Age |
| 16:15 | Crear | Spearman |
| 17:24 | Construir | Mining Camp |
| 18:16 | Crear | Villager (Male) |
| 18:50 | Edad | Edad de los Castillos |
| 18:55 | Construir | Town Center |
| 18:57 | Investigar | Bow Saw |
| 18:59 | Crear | Villager (Male) |
| 19:08 | Construir | Town Center |
| 19:17 | Investigar | Long Swordsman (upgrade) |
| 19:19 | Investigar | Arson |
| 19:20 | Crear | Villager (Male) |
| 19:38 | Crear | Villager (Male) |
| 19:45 | Construir | Mining Camp |
| 19:50 | Crear | Villager (Male) |
| 19:57 | Construir | Town Center |
| 19:59 | Crear | Villager (Male) |
| 20:10 | Construir | Farm |
| 20:11 | Crear | Villager (Male) |
| 20:12 | Crear | Villager (Male) |
| 20:17 | Crear | Villager (Male) |
| 20:17 | Crear | Villager (Male) |
| 20:41 | Investigar | Wheelbarrow |
| 20:42 | Investigar | Town Watch |
| 21:00 | Construir | Farm |
| 21:04 | Crear | Villager (Male) |
| 21:20 | Crear | Villager (Male) |
| 21:25 | Construir | Farm |
| 21:26 | Crear | Villager (Male) |
| 21:28 | Construir | Farm |
| 21:28 | Construir | Farm |
| 21:29 | Construir | Farm |
| 21:29 | Construir | Farm |
| 21:29 | Construir | Farm |
| 21:36 | Construir | Mill |
| 22:01 | Crear | Villager (Male) |
| 22:02 | Crear | Villager (Male) |
| 22:02 | Crear | Villager (Male) |
| 22:08 | Crear | Villager (Male) |
| 22:08 | Crear | Villager (Male) |
| 22:11 | Construir | Farm |
| 22:12 | Construir | Farm |
| 22:12 | Construir | Farm |
| 22:12 | Construir | Farm |
| 22:12 | Construir | Farm |
| 22:15 | Crear | Villager (Male) |
| 22:15 | Crear | Villager (Male) |
| 22:21 | Construir | House |
| 22:22 | Construir | House |
| 22:31 | Crear | Villager (Male) |
| 22:31 | Crear | Villager (Male) |
| 22:49 | Construir | Farm |
| 22:51 | Construir | Farm |
| 22:52 | Crear | Villager (Male) |
| 22:52 | Crear | Villager (Male) |
| 22:52 | Crear | Villager (Male) |
| 23:19 | Crear | Villager (Male) |
| 23:19 | Crear | Villager (Male) |
| 23:25 | Crear | Villager (Male) |
| 23:25 | Crear | Villager (Male) |
| 23:25 | Crear | Villager (Male) |
| 23:28 | Construir | Farm |
| 23:31 | Construir | Lumber Camp |
| 23:33 | Crear | Villager (Male) |
| 23:34 | Crear | Villager (Male) |
| 23:36 | Construir | House |
| 23:40 | Construir | Palisade Wall |
| 23:41 | Construir | Palisade Wall |
| 23:44 | Crear | Villager (Male) |
| 23:44 | Crear | Villager (Male) |
| 23:50 | Construir | Monastery |
| 23:53 | Crear | Villager (Male) |
| 23:59 | Crear | Villager (Male) |
| 23:59 | Crear | Villager (Male) |
| 24:07 | Crear | Villager (Male) |
| 24:21 | Construir | Mill |
| 24:25 | Crear | Villager (Male) |
Build order — AfferinSize
Primeras 150 de 578 acciones detectadas
| 0:04 | Construir | Town Center |
| 1:03 | Crear | Villager (Male) |
| 1:03 | Crear | Villager (Male) |
| 1:04 | Crear | Villager (Male) |
| 1:04 | Crear | Villager (Male) |
| 1:04 | Crear | Villager (Male) |
| 1:42 | Crear | Villager (Male) |
| 2:15 | Crear | Villager (Male) |
| 2:36 | Crear | Villager (Male) |
| 3:14 | Crear | Villager (Male) |
| 4:26 | Construir | Mill |
| 4:26 | Crear | Villager (Male) |
| 4:35 | Crear | Villager (Male) |
| 4:48 | Construir | Lumber Camp |
| 4:50 | Crear | Villager (Male) |
| 5:12 | Investigar | Loom |
| 6:09 | Investigar | Feudal Age |
| 6:49 | Construir | House |
| 7:10 | Construir | Barracks |
| 8:01 | Crear | Villager (Male) |
| 8:05 | Crear | Villager (Male) |
| 8:19 | Edad | Edad Feudal |
| 8:22 | Construir | Stable |
| 8:26 | Investigar | Double-Bit Axe |
| 8:34 | Crear | Villager (Male) |
| 8:55 | Crear | Scout Cavalry |
| 9:04 | Crear | Villager (Male) |
| 9:16 | Crear | Scout Cavalry |
| 9:31 | Construir | Town Center |
| 9:52 | Crear | Scout Cavalry |
| 10:12 | Crear | Villager (Male) |
| 10:20 | Construir | Farm |
| 10:38 | Construir | Farm |
| 10:39 | Crear | Villager (Male) |
| 11:08 | Crear | Villager (Male) |
| 11:11 | Construir | Farm |
| 11:30 | Construir | Farm |
| 11:31 | Construir | Farm |
| 11:33 | Crear | Villager (Male) |
| 11:36 | Crear | Villager (Male) |
| 11:57 | Crear | Villager (Male) |
| 11:59 | Construir | Farm |
| 12:03 | Construir | Farm |
| 12:20 | Construir | Farm |
| 12:27 | Crear | Villager (Male) |
| 12:33 | Construir | House |
| 12:38 | Crear | Villager (Male) |
| 12:46 | Construir | Farm |
| 12:59 | Crear | Villager (Male) |
| 13:06 | Construir | Farm |
| 13:14 | Crear | Villager (Male) |
| 13:18 | Crear | Villager (Male) |
| 13:28 | Crear | Villager (Male) |
| 13:33 | Construir | Farm |
| 13:42 | Construir | Farm |
| 13:50 | Construir | House |
| 14:03 | Construir | House |
| 14:08 | Crear | Villager (Male) |
| 14:09 | Crear | Villager (Male) |
| 14:13 | Construir | Stable |
| 14:18 | Crear | Villager (Male) |
| 14:21 | Crear | Villager (Male) |
| 14:33 | Investigar | Wheelbarrow |
| 14:42 | Construir | House |
| 14:57 | Construir | Blacksmith |
| 15:03 | Crear | Villager (Male) |
| 15:04 | Crear | Villager (Male) |
| 15:15 | Construir | Mining Camp |
| 15:17 | Crear | Villager (Male) |
| 15:26 | Construir | Farm |
| 15:33 | Crear | Villager (Male) |
| 15:44 | Construir | House |
| 15:46 | Construir | House |
| 15:58 | Investigar | Forging |
| 16:08 | Construir | House |
| 16:09 | Crear | Villager (Male) |
| 16:28 | Crear | Villager (Male) |
| 16:39 | Construir | Stable |
| 16:43 | Crear | Villager (Male) |
| 16:51 | Construir | House |
| 16:52 | Construir | House |
| 16:53 | Construir | House |
| 16:54 | Crear | Villager (Male) |
| 17:05 | Crear | Villager (Male) |
| 17:11 | Construir | Farm |
| 17:14 | Investigar | Bloodlines |
| 17:21 | Crear | Villager (Male) |
| 17:30 | Construir | Farm |
| 17:39 | Construir | Farm |
| 17:46 | Crear | Villager (Male) |
| 18:10 | Construir | Farm |
| 18:15 | Crear | Villager (Male) |
| 18:39 | Construir | Market |
| 18:42 | Crear | Villager (Male) |
| 18:44 | Crear | Villager (Male) |
| 18:45 | Crear | Villager (Male) |
| 18:47 | Crear | Scout Cavalry |
| 18:47 | Crear | Scout Cavalry |
| 19:16 | Crear | Villager (Male) |
| 19:32 | Construir | Stable |
| 19:41 | Investigar | Castle Age |
| 19:52 | Investigar | Gold Mining |
| 20:34 | Crear | Villager (Male) |
| 20:35 | Crear | Villager (Male) |
| 20:38 | Investigar | Scale Barding Armor |
| 20:43 | Construir | House |
| 20:48 | Construir | Farm |
| 20:51 | Crear | Villager (Male) |
| 21:00 | Construir | Stable |
| 21:22 | Construir | Stable |
| 21:25 | Crear | Villager (Male) |
| 21:28 | Construir | House |
| 21:31 | Crear | Villager (Male) |
| 21:47 | Construir | Stable |
| 22:12 | Construir | Lumber Camp |
| 22:16 | Crear | Villager (Male) |
| 22:18 | Crear | Villager (Male) |
| 22:21 | Edad | Edad de los Castillos |
| 22:22 | Crear | Steppe Lancer |
| 22:22 | Crear | Steppe Lancer |
| 22:22 | Crear | Steppe Lancer |
| 22:23 | Crear | Steppe Lancer |
| 22:30 | Investigar | Iron Casting |
| 22:32 | Crear | Villager (Male) |
| 22:37 | Construir | Farm |
| 23:05 | Crear | Steppe Lancer ×3 |
| 23:26 | Crear | Villager (Male) |
| 23:28 | Crear | Villager (Male) |
| 23:34 | Construir | Town Center |
| 23:37 | Construir | House |
| 23:38 | Construir | House |
| 23:43 | Crear | Villager (Male) |
| 23:46 | Construir | Farm |
| 23:48 | Crear | Villager (Male) |
| 24:01 | Crear | Villager (Male) |
| 24:20 | Crear | Villager (Male) |
| 24:20 | Crear | Villager (Male) |
| 24:48 | Crear | Camel Scout ×3 |
| 24:52 | Crear | Steppe Lancer ×2 |
| 24:59 | Crear | Villager (Male) |
| 25:04 | Construir | Farm |
| 25:04 | Construir | Farm |
| 25:05 | Construir | Farm |
| 25:05 | Construir | Farm |
| 25:05 | Construir | Farm |
| 25:09 | Construir | Farm |
| 25:09 | Construir | Farm |
| 25:10 | Construir | Farm |
| 25:10 | Construir | Farm |
| 25:10 | Construir | Farm |
Cronología de la partida
| 6:27 | Cristoram · first_building Barracks |
| 7:09 | Cristoram · age_up feudal |
| 7:10 | AfferinSize · first_building Barracks |
| 8:19 | AfferinSize · age_up feudal |
| 8:22 | AfferinSize · first_building Stable |
| 18:50 | Cristoram · age_up castle |
| 19:36 | AfferinSize · first_market_buy 100 food |
| 22:21 | AfferinSize · age_up castle |
| 23:40 | Cristoram · wall_segment Palisade Wall x1 |
| 23:41 | Cristoram · wall_segment Palisade Wall x1 |
| 23:50 | Cristoram · first_building Monastery |
| 26:40 | Cristoram · first_building Castle |
| 27:56 | Cristoram · first_building Stable |
| 28:07 | AfferinSize · first_market_sell 100 food |
| 30:39 | Cristoram · wall_segment Stone Wall x1 |
| 30:42 | Cristoram · wall_segment Stone Wall x1 |
| 32:05 | Cristoram · first_building Archery Range |
| 32:40 | AfferinSize · first_building Siege Workshop |
| 35:52 | AfferinSize · first_building Castle |
| 40:13 | AfferinSize · age_up imperial |
| 43:22 | Cristoram · first_market_buy 500 stone |
| 43:53 | Cristoram · age_up imperial |
| 52:07 | Cristoram · first_market_sell 500 wood |
| 58:45 | AfferinSize · first_building Archery Range |
| 64:59 | AfferinSize · resign |
[ ANÁLISIS IA · 1 CRÉDITO ]
¿Qué pasó realmente en esta partida?
Wolo.gg analiza cada decisión: build order, eco, micro, errores típicos por bracket. Análisis personalizado por WhatsApp o Discord en 30 segundos.
Guía civ
Mongoles
Perfil
Cristoram